[ PARTIDA AOE2 · #494045248 ]
UnrankedVietnamitas vs Shu
Equipo del jugador · DERR
Equipo rival · VICT
[ ANÁLISIS DE REPETICIÓN · EXTRAÍDO DE LA PARTIDA GRABADA ]
Feudal
8:52
Castillos
23:02
Imperial
—
| APM promedio | 108.1 |
| APM pico | 176 |
| eAPM promedio | 57.3 |
| Aldeanos / militares | 51 / 11 |
Foco
⚔️ 60.8% · 🌾 39.2%
Skirmisher ×5 · Scout Cavalry ×3 · Knight ×2 · Spearman ×1
Feudal
8:50
Castillos
21:33
Imperial
—
| APM promedio | 73.1 |
| APM pico | 116 |
| eAPM promedio | 39.8 |
| Aldeanos / militares | 56 / 32 |
Foco
⚔️ 69.0% · 🌾 31.0%
Skirmisher ×25 · Spearman ×7
Mapa de la partida
Recursos iniciales + cada clic de construcción. Líneas = muros · curvas = relieve. ◆ oro · ⬟ piedra · ● bayas · ✦ reliquia · ◌ hueco del cierre
Tu base· ✓ Cerrada en 23:02 · 44t muro · sin puerta
Base de DS_Overtaken· Abierta — el rival se encerró
Terreno inicial suavizado · ◌ = hueco del cierre detectado · pasá el cursor para detalles
Inputs por minuto
— Itz_[Z]enta - - DS_Overtaken
Build order — Itz_[Z]enta
147 acciones detectadas en el replay
| 0:02 | Crear | Villager (Male) ×4 |
| 0:02 | Construir | House |
| 0:03 | Construir | House |
| 1:25 | Crear | Villager (Male) |
| 1:54 | Crear | Villager (Male) |
| 2:12 | Crear | Villager (Male) |
| 2:20 | Construir | Lumber Camp |
| 2:46 | Crear | Villager (Male) |
| 2:46 | Crear | Villager (Male) |
| 3:21 | Crear | Villager (Male) |
| 3:33 | Crear | Villager (Male) |
| 3:34 | Crear | Villager (Male) |
| 3:49 | Construir | House |
| 4:07 | Crear | Villager (Male) |
| 4:39 | Construir | Mill |
| 4:41 | Crear | Villager (Male) |
| 4:48 | Crear | Villager (Male) |
| 5:26 | Crear | Villager (Male) |
| 5:45 | Investigar | Loom |
| 6:41 | Investigar | Feudal Age |
| 6:41 | Investigar | Feudal Age |
| 6:58 | Construir | Lumber Camp |
| 8:10 | Construir | Barracks |
| 8:38 | Crear | Villager (Male) |
| 8:52 | Edad | Edad Feudal |
| 8:55 | Construir | House |
| 8:58 | Construir | Stable |
| 9:00 | Crear | Spearman |
| 9:15 | Investigar | Double-Bit Axe |
| 9:18 | Crear | Villager (Male) |
| 9:23 | Construir | House |
| 9:25 | Construir | Palisade Wall |
| 9:29 | Construir | Palisade Wall |
| 9:33 | Construir | House |
| 9:40 | Crear | Villager (Male) |
| 9:43 | Construir | Palisade Wall |
| 9:45 | Crear | Scout Cavalry |
| 9:45 | Crear | Scout Cavalry |
| 9:52 | Construir | Palisade Wall |
| 9:54 | Construir | Palisade Wall |
| 9:54 | Crear | Villager (Male) |
| 10:27 | Crear | Villager (Male) |
| 10:32 | Construir | Watch Tower |
| 10:46 | Construir | Farm |
| 10:52 | Crear | Villager (Male) |
| 11:10 | Construir | Farm |
| 11:23 | Crear | Villager (Male) |
| 11:46 | Construir | Farm |
| 11:48 | Construir | Farm |
| 11:59 | Crear | Villager (Male) |
| 12:03 | Construir | House |
| 12:06 | Construir | Palisade Wall |
| 12:17 | Construir | Farm |
| 12:29 | Construir | Farm |
| 12:33 | Crear | Villager (Male) |
| 12:37 | Construir | Farm |
| 12:48 | Construir | Farm |
| 13:01 | Crear | Villager (Male) |
| 13:21 | Construir | House |
| 13:28 | Crear | Villager (Male) |
| 13:31 | Construir | Palisade Wall |
| 13:32 | Construir | House |
| 13:33 | Construir | Palisade Wall |
| 13:35 | Construir | Farm |
| 13:35 | Construir | Farm |
| 13:38 | Construir | Farm |
| 13:39 | Crear | Villager (Male) |
| 13:56 | Construir | Farm |
| 14:02 | Crear | Villager (Male) |
| 14:26 | Crear | Villager (Male) |
| 14:27 | Construir | Mining Camp |
| 14:43 | Construir | House |
| 14:45 | Crear | Villager (Male) |
| 15:06 | Crear | Villager (Male) |
| 15:09 | Construir | House |
| 15:18 | Crear | Villager (Male) |
| 15:25 | Construir | House |
| 15:28 | Construir | House |
| 15:34 | Construir | Palisade Wall |
| 15:37 | Crear | Villager (Male) |
| 15:44 | Construir | Farm |
| 15:49 | Construir | Farm |
| 15:49 | Crear | Villager (Male) |
| 16:03 | Crear | Scout Cavalry |
| 16:08 | Construir | Archery Range |
| 16:28 | Construir | Palisade Wall |
| 16:28 | Crear | Villager (Male) |
| 16:39 | Construir | Watch Tower |
| 16:54 | Crear | Villager (Male) |
| 17:04 | Construir | House |
| 17:04 | Crear | Villager (Male) |
| 17:22 | Construir | Farm |
| 17:23 | Construir | Farm |
| 17:27 | Investigar | Horse Collar |
| 17:30 | Construir | Mining Camp |
| 17:40 | Crear | Villager (Male) |
| 17:55 | Crear | Villager (Male) |
| 18:09 | Crear | Villager (Male) |
| 18:18 | Construir | Watch Tower |
| 18:38 | Crear | Villager (Male) |
| 18:56 | Construir | Outpost |
| 18:58 | Investigar | Wheelbarrow |
| 19:25 | Construir | Watch Tower |
| 19:42 | Construir | Blacksmith |
| 19:43 | Crear | Villager (Male) |
| 20:22 | Investigar | Castle Age |
| 20:22 | Investigar | Castle Age |
| 20:30 | Crear | Skirmisher |
| 20:32 | Construir | Palisade Wall |
| 20:42 | Construir | Palisade Wall |
| 20:47 | Construir | House |
| 20:48 | Crear | Villager (Male) |
| 20:57 | Construir | Stone Wall |
| 21:04 | Investigar | Gold Mining |
| 21:04 | Investigar | Gold Mining |
| 21:13 | Construir | Lumber Camp |
| 21:28 | Crear | Skirmisher |
| 21:28 | Crear | Skirmisher |
| 21:31 | Investigar | Fletching |
| 21:31 | Investigar | Fletching |
| 21:52 | Construir | Archery Range |
| 22:04 | Construir | House |
| 22:26 | Crear | Villager (Male) |
| 22:37 | Construir | Watch Tower |
| 22:41 | Crear | Skirmisher |
| 22:45 | Construir | House |
| 22:47 | Construir | Palisade Wall |
| 23:02 | Edad | Edad de los Castillos |
| 23:06 | Investigar | Bodkin Arrow |
| 23:16 | Crear | Villager (Male) |
| 23:30 | Construir | Siege Workshop |
| 23:38 | Crear | Villager (Male) |
| 23:40 | Crear | Knight |
| 23:46 | Crear | Skirmisher |
| 23:49 | Construir | House |
| 23:52 | Construir | House |
| 23:52 | Crear | Villager (Male) |
| 24:05 | Construir | Mining Camp |
| 24:18 | Crear | Villager (Male) |
| 24:28 | Construir | Mining Camp |
| 24:38 | Construir | House |
| 24:40 | Construir | House |
| 24:47 | Crear | Villager (Male) |
| 24:56 | Crear | Knight |
| 25:00 | Construir | House |
| 25:04 | Crear | Villager (Male) |
| 25:24 | Construir | Town Center |
Build order — DS_Overtaken
Primeras 150 de 184 acciones detectadas
| 0:00 | Crear | Villager (Male) |
| 0:01 | Crear | Villager (Male) |
| 0:01 | Crear | Villager (Male) |
| 0:02 | Construir | House |
| 0:03 | Construir | House |
| 0:06 | Crear | Villager (Male) |
| 1:27 | Crear | Villager (Male) |
| 1:51 | Construir | Lumber Camp |
| 1:58 | Crear | Villager (Male) |
| 2:13 | Crear | Villager (Male) |
| 2:13 | Crear | Villager (Male) |
| 2:54 | Crear | Villager (Male) |
| 2:57 | Crear | Villager (Male) |
| 3:36 | Crear | Villager (Male) |
| 3:52 | Construir | House |
| 4:08 | Crear | Villager (Male) |
| 4:24 | Crear | Villager (Male) |
| 4:27 | Construir | Mill |
| 4:29 | Crear | Villager (Male) |
| 5:22 | Crear | Villager (Male) |
| 5:37 | Crear | Villager (Male) |
| 6:06 | Investigar | Loom |
| 6:06 | Investigar | Loom |
| 6:38 | Investigar | Feudal Age |
| 6:38 | Investigar | Feudal Age |
| 6:38 | Investigar | Feudal Age |
| 7:38 | Construir | House |
| 7:41 | Construir | Palisade Wall |
| 8:15 | Crear | Villager (Male) |
| 8:22 | Construir | Barracks |
| 8:35 | Construir | House |
| 8:50 | Edad | Edad Feudal |
| 8:57 | Investigar | Double-Bit Axe |
| 9:00 | Construir | Archery Range |
| 9:06 | Crear | Spearman |
| 9:09 | Crear | Villager (Male) |
| 9:27 | Crear | Spearman |
| 9:30 | Construir | House |
| 9:34 | Crear | Skirmisher |
| 9:37 | Crear | Villager (Male) |
| 9:38 | Crear | Villager (Male) |
| 9:51 | Crear | Skirmisher |
| 9:53 | Crear | Spearman |
| 10:01 | Construir | Watch Tower |
| 10:02 | Crear | Villager (Male) |
| 10:17 | Construir | Stone Wall |
| 10:18 | Construir | Stone Wall |
| 10:19 | Construir | Stone Wall |
| 10:21 | Construir | Stone Wall |
| 10:23 | Construir | Stone Wall |
| 10:28 | Construir | Stone Wall |
| 10:43 | Crear | Villager (Male) |
| 10:43 | Construir | Farm |
| 10:47 | Crear | Spearman |
| 11:05 | Crear | Villager (Male) |
| 11:07 | Construir | House |
| 11:09 | Construir | Palisade Wall |
| 11:09 | Construir | Palisade Wall |
| 11:11 | Construir | Palisade Wall |
| 11:24 | Crear | Villager (Male) |
| 11:39 | Crear | Villager (Male) |
| 11:41 | Construir | Palisade Wall |
| 11:43 | Construir | Palisade Wall |
| 11:53 | Construir | Palisade Wall |
| 11:59 | Crear | Skirmisher |
| 12:00 | Crear | Villager (Male) |
| 12:01 | Construir | Farm |
| 12:01 | Construir | Farm |
| 12:04 | Construir | Farm |
| 12:09 | Crear | Villager (Male) |
| 12:15 | Construir | Mining Camp |
| 12:18 | Crear | Villager (Male) |
| 12:22 | Construir | Mining Camp |
| 12:27 | Crear | Skirmisher |
| 12:39 | Construir | Palisade Wall |
| 12:46 | Construir | Farm |
| 12:49 | Construir | Farm |
| 13:03 | Crear | Villager (Male) |
| 13:07 | Crear | Villager (Male) |
| 13:09 | Construir | House |
| 13:09 | Construir | House |
| 13:25 | Crear | Villager (Male) |
| 13:36 | Crear | Villager (Male) |
| 13:41 | Construir | Farm |
| 13:42 | Construir | Farm |
| 13:52 | Construir | Farm |
| 14:03 | Crear | Villager (Male) |
| 14:04 | Construir | Farm |
| 14:26 | Crear | Skirmisher |
| 14:28 | Crear | Villager (Male) |
| 14:30 | Construir | Farm |
| 14:38 | Crear | Skirmisher |
| 14:42 | Construir | Palisade Wall |
| 14:59 | Construir | House |
| 15:02 | Crear | Villager (Male) |
| 15:09 | Construir | Farm |
| 15:20 | Construir | Farm |
| 15:27 | Crear | Villager (Male) |
| 15:31 | Construir | Watch Tower |
| 15:42 | Construir | Farm |
| 15:50 | Crear | Villager (Male) |
| 15:59 | Crear | Villager (Male) |
| 16:10 | Construir | Mining Camp |
| 16:13 | Crear | Skirmisher |
| 16:14 | Crear | Skirmisher |
| 16:25 | Construir | Palisade Gate |
| 16:39 | Crear | Villager (Male) |
| 16:40 | Crear | Skirmisher |
| 16:44 | Investigar | Town Watch |
| 16:58 | Crear | Villager (Male) |
| 17:07 | Crear | Skirmisher |
| 17:12 | Construir | House |
| 17:19 | Crear | Skirmisher |
| 17:23 | Construir | Stone Wall |
| 17:25 | Construir | Stone Wall |
| 17:26 | Construir | Palisade Wall |
| 17:32 | Investigar | Wheelbarrow |
| 17:42 | Crear | Villager (Male) |
| 17:49 | Construir | Blacksmith |
| 18:14 | Construir | Watch Tower |
| 18:17 | Crear | Villager (Male) |
| 18:21 | Crear | Skirmisher |
| 18:29 | Construir | Outpost |
| 18:53 | Investigar | Castle Age |
| 18:53 | Investigar | Castle Age |
| 18:58 | Crear | Skirmisher |
| 19:11 | Construir | Lumber Camp |
| 19:20 | Construir | Watch Tower |
| 19:39 | Investigar | Fletching |
| 19:39 | Investigar | Fletching |
| 19:40 | Crear | Villager (Male) |
| 19:51 | Construir | House |
| 19:56 | Crear | Villager (Male) |
| 19:56 | Construir | Farm |
| 20:41 | Construir | House |
| 20:55 | Crear | Villager (Male) |
| 20:59 | Construir | Farm |
| 21:00 | Construir | Farm |
| 21:01 | Investigar | Horse Collar |
| 21:01 | Investigar | Horse Collar |
| 21:02 | Crear | Skirmisher |
| 21:05 | Investigar | Padded Archer Armor |
| 21:25 | Construir | Watch Tower |
| 21:32 | Construir | Farm |
| 21:33 | Edad | Edad de los Castillos |
| 21:36 | Investigar | Bodkin Arrow |
| 21:47 | Investigar | Elite Skirmisher (upgrade) |
| 21:58 | Crear | Villager (Male) |
| 22:10 | Crear | Spearman |
| 22:10 | Construir | Farm |
Cronología de la partida
| 7:41 | DS_Overtaken · wall_segment Palisade Wall x5 |
| 8:10 | Itz_[Z]enta · first_building Barracks |
| 8:22 | DS_Overtaken · first_building Barracks |
| 8:50 | DS_Overtaken · age_up feudal |
| 8:52 | Itz_[Z]enta · age_up feudal |
| 8:58 | Itz_[Z]enta · first_building Stable |
| 9:00 | DS_Overtaken · first_building Archery Range |
| 9:25 | Itz_[Z]enta · wall_segment Palisade Wall x5 |
| 9:29 | Itz_[Z]enta · wall_segment Palisade Wall x2 |
| 9:43 | Itz_[Z]enta · wall_segment Palisade Wall x6 |
| 9:52 | Itz_[Z]enta · wall_segment Palisade Wall x3 |
| 9:54 | Itz_[Z]enta · wall_segment Palisade Wall x10 |
| 10:17 | DS_Overtaken · wall_segment Stone Wall x1 |
| 10:18 | DS_Overtaken · wall_segment Stone Wall x1 |
| 10:19 | DS_Overtaken · wall_segment Stone Wall x1 |
| 10:21 | DS_Overtaken · wall_segment Stone Wall x1 |
| 10:23 | DS_Overtaken · wall_segment Stone Wall x1 |
| 10:28 | DS_Overtaken · wall_segment Stone Wall x1 |
| 11:09 | DS_Overtaken · wall_segment Palisade Wall x1 |
| 11:09 | DS_Overtaken · wall_segment Palisade Wall x1 |
| 11:11 | DS_Overtaken · wall_segment Palisade Wall x5 |
| 11:41 | DS_Overtaken · wall_segment Palisade Wall x2 |
| 11:43 | DS_Overtaken · wall_segment Palisade Wall x1 |
| 11:53 | DS_Overtaken · wall_segment Palisade Wall x2 |
| 12:06 | Itz_[Z]enta · wall_segment Palisade Wall x5 |
| 12:39 | DS_Overtaken · wall_segment Palisade Wall x1 |
| 13:31 | Itz_[Z]enta · wall_segment Palisade Wall x1 |
| 13:33 | Itz_[Z]enta · wall_segment Palisade Wall x4 |
| 14:42 | DS_Overtaken · wall_segment Palisade Wall x1 |
| 15:34 | Itz_[Z]enta · wall_segment Palisade Wall x1 |
| 16:08 | Itz_[Z]enta · first_building Archery Range |
| 16:28 | Itz_[Z]enta · wall_segment Palisade Wall x4 |
| 17:23 | DS_Overtaken · wall_segment Stone Wall x1 |
| 17:25 | DS_Overtaken · wall_segment Stone Wall x1 |
| 17:26 | DS_Overtaken · wall_segment Palisade Wall x1 |
| 20:32 | Itz_[Z]enta · wall_segment Palisade Wall x1 |
| 20:42 | Itz_[Z]enta · wall_segment Palisade Wall x1 |
| 20:57 | Itz_[Z]enta · wall_segment Stone Wall x1 |
| 21:33 | DS_Overtaken · age_up castle |
| 22:47 | Itz_[Z]enta · wall_segment Palisade Wall x1 |
| 23:02 | Itz_[Z]enta · age_up castle |
| 23:30 | Itz_[Z]enta · first_building Siege Workshop |
| 25:39 | Itz_[Z]enta · resign |
[ ANÁLISIS IA · 1 CRÉDITO ]
¿Qué pasó realmente en esta partida?
Wolo.gg analiza cada decisión: build order, eco, micro, errores típicos por bracket. Análisis personalizado por WhatsApp o Discord en 30 segundos.
Guía civ
Vietnamitas
Perfil
Itz_Zenta